 Dungeon Crawl Stone Soup version 0.28.0-53-g5a82cb258f (webtiles) character file.

Game seed: 12515288775161684121

102 safid the Digger (level 4, 0/26 HPs)
             Began as a Gargoyle Earth Elementalist on Sept 8, 2022.
             Slain by an iguana (6 damage)
             ... on level 3 of the Dungeon.
             The game lasted 00:05:01 (3618 turns).

safid the Digger (Gargoyle Earth Elementalist)      Turns: 3618, Time: 00:05:01

Health: 0/26       AC:  5    Str: 12    XL:     4   Next: 78%
Magic:  7/8        EV: 12    Int: 17    God:
Gold:   105        SH:  0    Dex: 10    Spells: 4/8 levels left

rFire   . . .      SeeInvis .   p - +3 dagger (drain)
rCold   . . .      Faith    .   (no shield)
rNeg    + . .      Spirit   .   b - +0 robe
rPois   ∞          Reflect  .   (no helmet)
rElec   +          Harm     .   (no cloak)
rCorr   .          Rampage  .   (no gloves)
Will    .....                   (no boots)
Stlth   ++........              (no amulet)
HPRegen 0.08/turn               (no ring)
MPRegen 0.11/turn               (no ring)

@: no status effects
A: sickness immunity, AC +3, negative energy resistance 1, electricity
resistance, torment resistance 1, petrification resistance
a: no special abilities


You were on level 3 of the Dungeon.
You visited 1 branch of the dungeon, and saw 3 of its levels.

You collected 105 gold pieces.

Inventory:

Hand Weapons
 i - the +8 longbow "Zephyr" {speed, Dex+3 SInv}
   (You found it on level 2 of the Dungeon)

   Attacks with this weapon are significantly faster.
   Dex:       It affects your dexterity (+3).
   SInv:      It lets you see invisible.
 p - a +3 dagger of draining (weapon)
Missiles
 c - 132 stones
 d - 15 arrows
 j - 2 javelins
Armour
 b - a +0 robe (worn)
Jewellery
 m - the ring "Xudiroimam" {rPois Will++}
   (You found it on level 3 of the Dungeon)

   [ring of poison resistance]

   rPois:     It protects you from poison.
   Will:      It greatly increases your willpower.
Wands
 h - a wand of acid (6)
Scrolls
 a - 2 scrolls of identify {unknown}
 e - a scroll of silence {unknown}
 f - a scroll of magic mapping {unknown}
 k - a scroll of fog {unknown}
 n - a scroll of enchant weapon {unknown}
Potions
 g - 2 potions of heal wounds {unknown}
 l - a potion of brilliance {unknown}
 o - a potion of invisibility {unknown}


   Skills:
 + Level 2.1 Fighting
 + Level 1.3 Bows
 - Level 2.0 Dodging
 - Level 2.1 Stealth
 + Level 2.7 Spellcasting
 + Level 0.9 Conjurations
 - Level 0.7 Transmutations
 + Level 4.2 Earth Magic


You had 4 spell levels left.
You knew the following spells:

 Your Spells              Type           Power      Damage    Failure   Level
a - Sandblast             Erth           32%        2d9       3%          1
b - Stone Arrow           Conj/Erth      22%        3d8       19%         3

Your spell library contained the following spells:

 Spells                   Type           Power      Damage    Failure   Level
 Passwall                 Tmut/Erth      8%         N/A       10%         2
 Shock                    Conj/Air       12%        1d3       16%         1
 Slow                     Hex            8%         N/A       19%         1
 Confusing Touch          Hex            2%         N/A       47%         3
 Swiftness                Air            2%         N/A       47%         3
 Vampiric Draining        Necr           2%         2d6       47%         3
 Petrify                  Tmut/Erth      10%        N/A       54%         4
 Airstrike                Air            1%         N/A       87%         4


Dungeon Overview and Level Annotations

Branches:
Dungeon (3/15)

Altars:


Innate Abilities, Weirdness & Mutations

You are immune to sickness and miasma.
Your stone body is resilient. (AC +3)
You are immune to poison.
You resist negative energy. (rN+)
You are resistant to electric shocks. (rElec)
You are resistant to unholy torment.
You are immune to petrification.


Message History

The iguana bites you but does no damage.
Casting: Sandblast (safe; 3% risk of failure)
Confirm with . or Enter, or press ? or * to list all spells.
Aiming: Sandblast (safe; 3% risk of failure)
Press: ? - help, Shift-Dir - straight line, f/p - iguana
Aim: an iguana (82% to hit)
The blast of sand hits the iguana but does no damage.
The iguana completely misses you.
Unknown command.
Casting: Sandblast (safe; 3% risk of failure)
Confirm with . or Enter, or press ? or * to list all spells.
Aiming: Sandblast (safe; 3% risk of failure)
Press: ? - help, Shift-Dir - straight line, f/p - iguana
Aim: an iguana (82% to hit)
The blast of sand hits the iguana.
The iguana is lightly wounded.
The iguana closely misses you.
Unknown command.
The iguana bites you but does no damage.
Casting: Sandblast (safe; 3% risk of failure)
Confirm with . or Enter, or press ? or * to list all spells.
Aiming: Sandblast (safe; 3% risk of failure)
Press: ? - help, Shift-Dir - straight line, f/p - iguana
Aim: an iguana (lightly wounded, 82% to hit)
The blast of sand hits the iguana!
The iguana is heavily wounded.
The iguana bites you.
* * * LOW HITPOINT WARNING * * *
You see here a +0 leather armour.
There is an open door here.
There is an open door here.
Casting: Sandblast (safe; 3% risk of failure)
Confirm with . or Enter, or press ? or * to list all spells.
Aiming: Sandblast (safe; 3% risk of failure)
Press: ? - help, Shift-Dir - straight line, f/p - iguana
Aim: an iguana (moderately wounded, 82% to hit)
The blast of sand hits the iguana but does no damage.
The iguana is moderately wounded.
The iguana bites you.
You die...

#......(# #.#.#...#......###.#.##
#.......# #.#.#...#'####.....#.##
#.......# #.#.#.......##.........
#.......# #.#.+.......########.##
#.......###.###.......# #.#
#.......'.....+....[#.# #.#
##......###...#...#.#.# #.#
##......# #...#####.#.########.##
##.)....# #...#<@l..........†....
##......###...####.......#####.##
###.......#......'.......# #.# #
#.......#..#####.......# #.# #
#.......#..#####.......# #.## #
#.......#......#.......# #... #
#..[....#......#.......#####.## #
#.......#(.....#..........##.# #
#.......#......#..........##.#


You could see an iguana.

Vanquished Creatures
  A centaur skeleton (D:3)
  2 adders (D:2)
  An adder skeleton (D:3)
  2 dart slugs (D:3)
  A worm (D:2)
  4 bats
  4 endoplasms
  2 giant cockroaches (D:2)
  3 goblins
  6 hobgoblins
  A quokka (D:2)
  10 ball pythons
  2 frilled lizards (D:3)
  2 kobolds (D:1)
  3 rats
44 creatures vanquished.

Notes
Turn   | Place    | Note
-------+----------+-------------------------------------------
     0 | D:1      | safid the Gargoyle Earth Elementalist began the quest for
                  | the Orb.
     0 | D:1      | Reached XP level 1. HP: 10/10 MP: 3/3
   750 | D:1      | Reached XP level 2. HP: 16/16 MP: 5/5
  1219 | D:1      | Reached skill level 1 in Fighting
  1522 | D:2      | Reached skill level 4 in Earth Magic
  1522 | D:2      | Reached XP level 3. HP: 8/20 MP: 4/6
  1749 | D:2      | Learned a level 3 spell: Stone Arrow
  1842 | D:2      | Found the +8 longbow "Zephyr" {speed, Dex+3 SInv}
  2829 | D:3      | Reached XP level 4. HP: 22/26 MP: 7/7
  2832 | D:3      | Reached skill level 1 in Bows
  2913 | D:3      | Identified the ring "Xudiroimam" {rPois Will++}
  3193 | D:3      | Found a faded altar of an unknown god.
  3618 | D:3      | Slain by an iguana

Illustrated notes

Levels and vault maps discovered:
D:1:      kilobyte_arrival_exit_the_forest, layout_basic
D:2:      layout_basic
D:3:      minmay_recursive_quarters, layout_basic,
          ebering_ecumenical_altar_mist, st_stairs_4, minmay_misc_feat_hallway,
          kennysheep_donut

Skill      XL: |  1  2  3  4 |
---------------+-------------+-----
Fighting       | 1 2 |  2.1
Earth Magic    | 4 |  4.2
Dodging        | 2 |  2.0
Bows           | 1 |  1.3
Stealth        | |  2.1
Spellcasting   | |  2.7
Conjurations   | |  0.9
Transmutations | |  0.7

Action                   |  1- 3 |  4- 6 || total
-------------------------+-------+-------++-------
Melee: Unarmed           |     6 |       ||     6
       Short sword       |   125 |     3 ||   128
       Punch             |     2 |       ||     2
       Dagger            |       |    29 ||    29
 Fire: Longbow           |       |     3 ||     3
 Cast: Sandblast         |    13 |     7 ||    20
 Stab: Sleeping          |     4 |     1 ||     5
Armor: Robe              |    56 |     9 ||    65
Dodge: Dodged            |    98 |    16 ||   114
